 Dungeon Crawl Stone Soup version 0.30-a0-743-gbfdf073431 (webtiles) character file.

Game seed: 13419811431744927641

3262 Ijustatesigmund the Thaumaturge (level 9, -2/51 HPs)
             Began as a Deep Elf Hedge Wizard on Feb 8, 2023.
             Was a Believer of Vehumet.
             Slain by Maurice
             ... wielding a +0 spear
              (5 damage)
             ... on level 8 of the Dungeon.
             The game lasted 00:22:51 (10103 turns).

Ijustatesigmund the Thaumaturge (DEHW)             Turns: 10103, Time: 00:22:51

Health: -2/51      AC:  5    Str:  7    XL:     9   Next: 68%
Magic:  18/24      EV: 14    Int: 30    God:    Vehumet [**....]
Gold:   392        SH:  0    Dex: 14    Spells: 19/26 levels left

rFire   . . .      SeeInvis +    f - +1 sling
rCold   . . .      Faith    .    (no shield)
rNeg    . . .      Spirit   .    b - +0 robe
rPois   .          Reflect  .    c - +0 hat
rElec   .          Harm     .    p - +1 cloak
rCorr   .          Rampage  .    y - +0 pair of gloves
Will    .....                    (no boots)
Stlth   ++                       (no amulet)
HPRegen 0.28/turn                m - +6 ring of intelligence
MPRegen 0.19/turn                q - ring of see invisible

@: no status effects
A: no striking features
a: Renounce Religion


You were on level 8 of the Dungeon.
You worshipped Vehumet.
Vehumet was pleased with you.
You visited 2 branches of the dungeon, and saw 9 of its levels.
You also visited: Ossuary.

You collected 392 gold pieces.

Inventory:

Hand Weapons
 a - a +0 rapier
 f - a +1 sling (weapon)
Armour
 b - a +0 robe (worn)
 c - a +0 hat (worn)
 p - a +1 cloak (worn)
 y - a +0 pair of gloves (worn)
Jewellery
 m - a +6 ring of intelligence (left hand)
 q - a ring of see invisible (right hand)
 B - an amulet of magic regeneration
Wands
 g - a wand of flame (35)
 i - a wand of quicksilver (1)
 r - a wand of roots (3)
 v - a wand of paralysis (2)
Scrolls
 n - 2 scrolls of fear
 s - a scroll of magic mapping
 u - a scroll of immolation {unknown}
 D - a scroll of enchant weapon
Potions
 d - a potion of magic
 e - 3 potions of attraction
 h - 2 potions of brilliance
 j - 2 potions of might {unknown}
 l - 2 potions of mutation {unknown}
 o - 4 potions of curing
 t - 4 potions of lignification
 w - a potion of degeneration {unknown}
 x - a potion of cancellation {unknown}
 z - a potion of haste {unknown}
 A - a potion of berserk rage {unknown}
 C - a potion of ambrosia {unknown}


   Skills:
 + Level 3.5 Fighting
 - Level 4.0 Ranged Weapons
 + Level 5.4 Dodging
 - Level 3.5 Stealth
 + Level 9.3 Spellcasting
 + Level 9.0 Conjurations
 - Level 1.1 Summonings
 - Level 2.3 Translocations
 + Level 4.1 Fire Magic
 - Level 3.1 Evocations


You had 19 spell levels left.
You knew the following spells:

 Your Spells              Type           Power      Damage    Failure   Level
a - Magic Dart            Conj           100%       1d8       1%          1
b - Blink                 Tloc           54%        N/A       2%          2
c - Searing Ray           Conj           100%       2d8       1%          2
d - Scorch                Fire           78%        2d8       1%          2

Your spell library contained the following spells:

 Spells                   Type           Power      Damage    Failure   Level
 Static Discharge         Conj/Air       82%        2-6/arc   1%          2
 Apportation              Tloc           54%        N/A       1%          1
 Beastly Appendage        Tmut           28%        N/A       3%          1
 Slow                     Hex            56%        N/A       3%          1
 Call Imp                 Summ           20%        N/A       3%          2
 Mephitic Cloud           Conj/Pois/Air  32%        N/A       3%          3
 Cigotuvi's Dreadful Rot  Necr/Pois/Air  28%        N/A       5%          2
 Wereblood                Tmut           14%        N/A       5%          2
 Fulminant Prism          Conj/Hex       20%        3d12      6%          4
 Summon Guardian Golem    Hex/Summ       17%        N/A       9%          3
 Spider Form              Tmut/Pois      14%        N/A       11%         3
 Orb of Destruction       Conj           31%        9d10      61%         7
 Alistair's Intoxication  Tmut/Pois      9%         N/A       71%         5
 Spellforged Servitor     Conj/Summ      22%        N/A       99%         7


Dungeon Overview and Level Annotations

Branches:
Dungeon (8/15)             Temple (1/1) D:5         Ossuary (visited)
   Lair: D:8-11

Altars:
Ashenzari
Cheibriados
Dithmenos
Elyvilon
Fedhas
Gozag
Hepliaklqana
Kikubaaqudgha
Makhleb
Nemelex Xobeh
Okawaru
Qazlal
Ru
Sif Muna
Uskayaw
Vehumet
Wu Jian
Xom
Yredelemnul
Zin
The Shining One

Shops:
D:1 (   D:7 =

Annotations:
D:8 Maurice


Message History

Aiming: Searing Ray (safe; 1% risk of failure)
Press: ? - help, Shift-Dir - straight line, f/p - Maurice
Aim: Maurice, wielding a +0 spear, wearing a +0 cloak of stealth and carrying a wand of quicksilver (10) (moderately wounded, covering ground quickly, 76% to hit)
The searing ray hits the wolf!
The wolf is moderately wounded.
The searing ray hits Maurice.
Maurice is moderately wounded. (Press . to maintain the ray.)
The wolf bites you but does no damage. Maurice barely misses you.
The wolf bites you.
* * * LOW HITPOINT WARNING * * *
The searing ray hits the wolf!
The wolf is severely wounded.
The searing ray hits Maurice.
Maurice is heavily wounded.
The wolf bites you!
* * * LOW HITPOINT WARNING * * *
Maurice says, "Lost something?"
Maurice mumbles some strange words.
Maurice flickers and vanishes for a moment.
The wolf bites you but does no damage.
The searing ray hits the wolf!
You kill the wolf!
Vehumet accepts your kill.
The searing ray hits Maurice!
Maurice is heavily wounded.
Maurice zaps a wand.
The bolt of dispelling energy hits you!
Your magical effects are unravelling.
* * * LOW HITPOINT WARNING * * *
A steam dragon comes into view.
An orc warrior comes into view. It is wielding a +0 halberd.
The searing ray hits Maurice!
Maurice is almost dead.
You finish channelling your searing ray.
You feel less wooden.
Your +1 cloak unmelds from your body.
Your +0 hat unmelds from your body.
Your +0 pair of gloves unmelds from your body.
Your +0 robe unmelds from your body.
Maurice hits you from afar with a +0 spear.
You die... ..... ....# o.. ......# ....# D.D

......# ..o.## ...
..... .....
#.#####'#### ...#
#.##.......# ..)##.
#.##.⌠...⌠.##......
#.##.......#.......
#.@†@.)⌠...'..#....
####.......#..# ..
#[⌠...⌠.####
#.......# ####)####
#..# #.## #.# #)#


You could see Maurice (swift, invisible), a steam dragon (wandering) and an orc
warrior (wandering).

Vanquished Creatures
  Grinder (D:3)
  A wyvern (D:7)
  A steam dragon (D:8)
  A water moccasin (D:7)
  A sky beast (D:7)
  2 black bears
  2 orc warriors (D:8)
  An ice beast (D:5)
  2 ogres
  3 wolves (D:8)
  A kobold brigand (D:8)
  2 bullfrogs
  A gnoll sergeant (D:7)
  A water moccasin zombie (D:5)
  3 necrophages
  5 wights (D:7)
  3 killer bees (D:7)
  An electric eel (D:7)
  A bullfrog zombie (D:5)
  An orc priest (D:7)
  A jelly (D:7)
  Crazy Yiuf (D:3)
  2 hounds (D:5)
  2 orc wizards (D:8)
  Ijyb (D:3)
  Natasha (thrice) (D:3)
  4 iguanas
  2 scorpion zombies (D:5)
  2 mummies
  Robin (D:3)
  A howler monkey zombie (D:5)
  4 gnolls (D:7)
  10 adders
  A shadow imp (D:7)
  A white imp (D:5)
  An ufetubus (D:4)
  An adder skeleton (D:2)
  A dart slug (D:4)
  8 orcs
  2 spectral bats (Ossuary)
  A bat zombie (D:2)
  8 endoplasms
  3 giant cockroaches
  12 gnoll zombies (Ossuary)
  11 goblins
  10 hobgoblins
  3 jackals
  3 quokkas
  9 ball pythons
  A ball python zombie (D:2)
  A bat (D:2)
  2 bat simulacra (Ossuary)
  3 frilled lizards
  7 goblin simulacra (Ossuary)
  6 goblin zombies
  4 hobgoblin zombies (Ossuary)
  9 kobolds
  4 kobold zombies (Ossuary)
  6 orc zombies
  6 rats
  3 rat simulacra (Ossuary)
  2 spectral goblins (Ossuary)
  2 spectral kobolds (Ossuary)
  3 spectral rats (Ossuary)
202 creatures vanquished.

Vanquished Creatures (others)
  A white imp (D:5)
  6 plants (D:7)
7 creatures vanquished.

Grand Total: 209 creatures vanquished

Notes
Turn   | Place    | Note
-------+----------+-------------------------------------------
     0 | D:1      | Ijustatesigmund the Deep Elf Hedge Wizard began the quest
                  | for the Orb.
     0 | D:1      | Reached XP level 1. HP: 10/10 MP: 7/7
   242 | D:1      | Found a faded altar of an unknown god.
   387 | D:1      | Found Woschoupp's Weapon Boutique.
   422 | D:1      | Reached XP level 2. HP: 15/15 MP: 9/9
   425 | D:1      | Learned a level 2 spell: Blink
   699 | D:2      | Reached skill level 1 in Ranged Weapons
   908 | D:2      | Found a blossoming altar of Fedhas.
   972 | D:2      | Reached XP level 3. HP: 8/19 MP: 6/10
  1794 | D:3      | Reached XP level 4. HP: 24/24 MP: 7/12
  1986 | D:3      | Noticed Ijyb
  1998 | D:3      | Killed Ijyb
  2225 | D:3      | Noticed Grinder
  2231 | D:3      | Killed Grinder
  2232 | D:3      | Reached skill level 5 in Conjurations
  2232 | D:3      | Reached XP level 5. HP: 12/28 MP: 13/13
  2232 | D:3      | Reached XP level 6. HP: 13/32 MP: 14/14
  2435 | D:3      | Noticed Natasha
  2439 | D:3      | Killed Natasha
  2657 | D:3      | Noticed Natasha
  2666 | D:3      | Killed Natasha
  2724 | D:3      | Noticed Robin
  2725 | D:3      | Killed Robin
  2948 | D:3      | Noticed Natasha
  2956 | D:3      | Killed Natasha
  2957 | D:3      | Reached skill level 1 in Fighting
  3112 | D:3      | Found a runed translucent door.
  3113 | D:3      | Noticed Crazy Yiuf
  3118 | D:3      | Killed Crazy Yiuf
  4010 | D:5      | Entered Level 5 of the Dungeon
  4018 | D:5      | Reached XP level 7. HP: 25/38 MP: 9/15
  4113 | D:5      | Found a glowing silver altar of Zin.
  4176 | D:5      | Found a staircase to the Ecumenical Temple.
  4185 | Temple   | Entered the Ecumenical Temple
  4281 | Temple   | Became a worshipper of Vehumet
  4510 | D:5      | Reached skill level 5 in Spellcasting
  4549 | D:5      | Found a shimmering blue altar of Sif Muna.
  5152 | D:5      | Found a basalt altar of Yredelemnul.
  5286 | D:5      | Found an iron altar of Okawaru.
  5304 | D:5      | Reached XP level 8. HP: 43/43 MP: 17/19
  5611 | D:6      | Found a sand-covered staircase.
  5623 | Ossuary  | Entered an ossuary
  5768 | Ossuary  | Learned a level 2 spell: Searing Ray
  6036 | Ossuary  | Reached * piety under Vehumet
  6036 | Ossuary  | Offered knowledge of Freeze by Vehumet.
  6821 | D:6      | Reached ** piety under Vehumet
  6821 | D:6      | Offered knowledge of Scorch by Vehumet.
  6982 | D:6      | Found a white marble altar of Elyvilon.
  7087 | D:6      | Learned a level 2 spell: Scorch
  7728 | D:7      | Reached skill level 1 in Fire Magic
  8006 | D:7      | Reached XP level 9. HP: 28/49 MP: 12/23
  8246 | D:7      | Found Bomujug's Jewellery Emporium.
  8696 | D:7      | Found a sacrificial altar of Ru.
  9725 | D:8      | Offered knowledge of Static Discharge by Vehumet.
  9726 | D:8      | Reached skill level 5 in Dodging
 10087 | D:8      | Noticed Maurice
 10103 | D:8      | Slain by Maurice

Illustrated notes

Levels and vault maps discovered:
D:1:      dpeg_arrival_triangle_fractal, layout_basic, serial_shops,
          nicolae_square_shop, hellmonk_ecumenical_altar_heavens_door
D:2:      layout_loops_ring, basic_altar, serial_undead, serial_undead_f,
          serial_undead_a, serial_undead_f, serial_undead_d
D:3:      layout_loops_cross, uniq_ijyb, uniq_robin, uniq_natasha,
          uniq_crazy_yiuf_cottage, uniq_grinder
D:4:      layout_basic, minmay_misc_feat_secret_circle
D:5:      layout_loops_cross, general_overflow_altar,
          nicolae_yredelemnul_corpse_copse, mainiacjoe_overflow_brackets,
          okawaru_trees_1, minmay_temple_entry_statues_pillars
D:6:      layout_loops_ring, elyvilon_altar_4, nicolae_ossuary_entry_giza
D:7:      layout_rooms, old_standard_altar, grunt_ministairs_13,
          serial_bayou_lagoon_a, minmay_shop_enchanted_jewellery
D:8:      layout_basic, wad_floor_pattern_untrapped, minmay_fountain_box,
          uniq_maurice, uniq_grum
Temple:   zaba_magenta_temple

Skill      XL: |  1  2  3  4  5  6  7  8  9 |
---------------+----------------------------+-----
Conjurations   | 2 3 5 7 8 9 |  9.0
Ranged Weapons | 2 4 |  4.0
Evocations     | 3 |  3.1
Fighting       | 1 2 3 |  3.5
Translocations | 2 |  2.3
Stealth        | 3 |  3.5
Spellcasting   | 6 8 9 |  9.3
Fire Magic     | 2 4 |  4.1
Dodging        | 3 5 |  5.4
Summonings     | |  1.1

Action                     |  1- 3 |  4- 6 |  7- 9 || total
---------------------------+-------+-------+-------++-------
   Fire: Sling             |    54 |   140 |    70 ||   264
   Cast: Magic Dart        |    58 |    23 |   180 ||   261
         Searing Ray       |       |       |    55 ||    55
         Scorch            |       |       |    11 ||    11
         Blink             |       |       |     1 ||     1
  Evoke: Wand              |       |    11 |    14 ||    25
    Use: Scroll            |     6 |     1 |     7 ||    14
         Potion            |       |     3 |     3 ||     6
 Armour: Robe              |     8 |    14 |    57 ||    79
         Skin              |       |       |     3 ||     3
  Dodge: Dodged            |    27 |    48 |   141 ||   216

Table legend: (Time is in decaauts)
 A = Elapsed time spent in this place.
 B = Non-inter-level travel time spent in this place.
 C = Inter-level travel time spent in this place.
 D = Time resting spent in this place.
 E = Time spent auto-exploring this place.
 F = Levels seen in this place.
 G = Mean time per level.
                   A        B        C        D        E       F      G
               +--------+--------+--------+--------+--------+-----+--------+
         Total |  10191 |   9897 |    294 |   2993 |   5571 |  10 | 1019.1 |
       Dungeon |   8896 |   8620 |    276 |   2532 |   4971 |   8 | 1112.0 |
        Temple |    113 |     96 |     17 |      0 |     50 |   1 |  113.0 |
       Ossuary |   1181 |   1181 |      0 |    461 |    550 |   1 | 1181.0 |
               +--------+--------+--------+--------+--------+-----+--------+

Top non-repeatable levels by time:
     D:7: 1652 daAuts
     D:3: 1479 daAuts
     D:5: 1424 daAuts
 Ossuary: 1181 daAuts
     D:2: 1111 daAuts
     D:6: 957 daAuts
     D:8: 798 daAuts
     D:4: 784 daAuts
     D:1: 688 daAuts
  Temple: 113 daAuts
